 Dungeon Crawl Stone Soup version 0.30-a0-210-g01b79a254e (webtiles) character file.

Game seed: 7085227983178771092

17 Sweetruy1997 the Trooper (level 2, -3/24 HPs)
             Began as a Demonspawn Chaos Knight on Oct 5, 2022.
             Was a Plaything of Xom.
             Slain by Crazy Yiuf
             ... wielding a +3 quarterstaff of chaos
              (4 damage)
             ... on level 2 of the Dungeon.
             The game lasted 00:02:53 (1492 turns).

Sweetruy1997 the Trooper (Demonspawn Chaos Knight)  Turns: 1492, Time: 00:02:54

Health: -3/24      AC:  9    Str: 12    XL:     2   Next: 44%
Magic:  2/2        EV: 11    Int: 13    God:    Xom [..*...]
Gold:   102        SH:  0    Dex: 12    Spells: 0/1 levels left

rFire   . . .      SeeInvis .    a - +0 hand axe (chaos)
rCold   . . .      Faith    .    (no shield)
rNeg    . . .      Spirit   .    b - +3 leather armour
rPois   .          Reflect  .    (no helmet)
rElec   .          Harm     .    q - +2 cloak
rCorr   .          Rampage  .    (no gloves)
Will    .....                    (no boots)
Stlth   +.........               (no amulet)
HPRegen 0.24/turn                (no ring)
MPRegen 0.16/turn                (no ring)

@: mighty
A: magic regeneration
a: Renounce Religion


You were on level 2 of the Dungeon.
You worshipped Xom.
You were a toy of Xom.
You visited 1 branch of the dungeon, and saw 2 of its levels.

You collected 102 gold pieces.

Inventory:

Hand Weapons
 a - a +0 hand axe of chaos (weapon)
Missiles
 m - 6 javelins
Armour
 b - a +3 leather armour (worn)
 q - a +2 cloak (worn)
Jewellery
 i - an amulet of the acrobat
Scrolls
 e - a scroll of blinking {unknown}
 j - a scroll of immolation {unknown}
 k - a scroll of fog {unknown}
 l - a scroll of teleportation {unknown}
 p - a scroll of summoning {unknown}
 r - a scroll of poison {unknown}
Potions
 f - 2 potions of flight
 n - a potion of lignification
 o - a potion of degeneration {unknown}
Miscellaneous
 c - a piece from Xom's chessboard (9/15) (quivered)


   Skills:
 + Level 3.3 Fighting
 + Level 3.1 Axes
 + Level 2.0 Armour
 - Level 1.0 Dodging


You couldn't memorise any spells.
You knew the following spells:

 Your Spells              Type           Power      Damage    Failure   Level
a - Magic Dart            Conj           0%         1d3       36%         1

Your spell library contained the following spells:

 Spells                   Type           Power      Damage    Failure   Level
 Searing Ray              Conj           0%         2d4       52%         2
 Fulminant Prism          Conj/Hex       0%         3d6       98%         4


Dungeon Overview and Level Annotations

Branches:
Dungeon (2/15)

Altars:

Annotations:
D:2 Crazy Yiuf


Innate Abilities, Weirdness & Mutations

You regenerate magic rapidly.


Message History

"See what I see, my child!"
You feel aware of your surroundings.
There is an open door here.
There is an open door here.
As you open the door, it creaks loudly!
There is an open door here.
Crazy Yiuf shouts!
As you read the scroll labelled QARPHU LIHI, it crumbles to dust.
It is a scroll of identify.
g - 3 scrolls of enchant armour
As you read the scroll of enchant armour, it crumbles to dust.
Your +0 cloak glows green for a moment.
As you read the scroll of enchant armour, it crumbles to dust.
Your +1 cloak glows green for a moment.
As you read the scroll of enchant armour, it crumbles to dust.
Your +2 leather armour glows green for a moment.
As you read the scroll of identify, it crumbles to dust.
f - 2 potions of flight
As you read the scroll of identify, it crumbles to dust.
h - a potion of might
As you read the scroll of identify, it crumbles to dust.
n - a potion of lignification You feel very mighty all of a sudden.
As you open the door, it creaks loudly!
Crazy Yiuf screams, "Cod forty-two sing!"
You closely miss Crazy Yiuf.
Crazy Yiuf hits you with a +3 quarterstaff of chaos!
You resist with significant effort.
Crazy Yiuf hits you with a +3 quarterstaff of chaos.
You slash Crazy Yiuf!
Crazy Yiuf is heavily wounded.
Crazy Yiuf yells, "Walk rumpyflump ragdoll!"
Crazy Yiuf misses you.
You barely miss Crazy Yiuf.
Crazy Yiuf is heavily wounded.
Crazy Yiuf hits you with a +3 quarterstaff of chaos!
* * * LOW HITPOINT WARNING * * *
Crazy Yiuf freezes you.
You die...
Xom laughs nastily!

.# #.....#
#....##.######.
.## #....##
####.##........
..#####....#
#.##########
.........[.#
##### #.>#
#....
.###.......#
#..)# ##.###
#.#..
.###...#####
#...# #...#
#.#.# .#.....#
... ###.# #.#..
.......# #g#
#.# #.#.#
..(....# ♣♣@♣
#.# #....
.#.##### ♣.♣♣
#.#####.# .#.#
♣♣.♣ #........
.#.### ♣.♣♣
########.
.#...### ♣♣.♣♣
#. .......#####
♣...♣♣ #.
...........#
♣....♣ #.
....>..#####
#....# #.
.....#.# #+..+#
########.


You could see Crazy Yiuf.

Vanquished Creatures
  A ball python (D:1)
  An endoplasm (D:2)
  A giant cockroach (D:2)
  2 goblins
  4 hobgoblins
  A bat (D:2)
  A frilled lizard (D:2)
  A kobold (D:1)
  2 rats (D:1)
14 creatures vanquished.

Notes
Turn   | Place    | Note
-------+----------+-------------------------------------------
     0 | D:1      | Sweetruy1997 the Demonspawn Chaos Knight began the quest
                  | for the Orb.
     0 | D:1      | Reached XP level 1. HP: 18/18 MP: 1/1
   112 | D:1      | Reached skill level 1 in Dodging
   395 | D:1      | Found a faded altar of an unknown god.
   472 | D:1      | Gained mutation: You regenerate magic rapidly. [demonic
                  | ancestry]
   472 | D:1      | Reached XP level 2. HP: 24/24 MP: 2/2
  1008 | D:2      | XOM: silly message
  1101 | D:2      | Found a runed translucent door.
  1102 | D:2      | Noticed Crazy Yiuf
  1268 | D:2      | XOM: silly message
  1271 | D:2      | Learned a level 1 spell: Magic Dart
  1370 | D:2      | XOM: divination: magic mapping
  1492 | D:2      | HP: 1/24 [Crazy Yiuf/+3 quarterstaff of chaos (10)]
  1492 | D:2      | Slain by Crazy Yiuf

Illustrated notes

Levels and vault maps discovered:
D:1:      minmay_arrival_five_plusses, layout_loops_ring,
          ebering_ecumenical_altar_petrified
D:2:      layout_basic, uniq_crazy_yiuf_cottage

Skill      XL: |  1  2 |
---------------+-------+-----
Dodging        | 1 |  1.0
Axes           | 3 |  3.1
Armour         | 2 |  2.0
Fighting       | |  3.3

Action                   || total
-------------------------++-------
Melee: Hand axe          ||    43
Evoke: Piece from Xom's  ||     7
  Use: Scroll            ||     7
       Potion            ||     1
 Stab: Paralysed         ||     8
Armor: Leather armour    ||     6
Dodge: Dodged            ||    12

Table legend: (Time is in decaauts)
 A = Elapsed time spent in this place.
 B = Non-inter-level travel time spent in this place.
 C = Inter-level travel time spent in this place.
 D = Time resting spent in this place.
 E = Time spent auto-exploring this place.
 F = Levels seen in this place.
 G = Mean time per level.
                   A        B        C        D        E       F      G
               +--------+--------+--------+--------+--------+-----+--------+
         Total |   1498 |   1465 |     33 |      0 |   1301 |   2 |  749.0 |
       Dungeon |   1498 |   1465 |     33 |      0 |   1301 |   2 |  749.0 |
               +--------+--------+--------+--------+--------+-----+--------+

Top non-repeatable levels by time:
     D:2: 822 daAuts
     D:1: 675 daAuts
